 Dungeon Crawl Stone Soup version 0.31-a0-152-g6aa68a64a1 (webtiles) character file.

Game seed: 959600665739924487

165 qw the Chopper (level 5, -4/32 HPs)
             Began as a Gargoyle Fighter on June 10, 2023.
             Slain by a gnoll sergeant
             ... wielding a +0 trident of venom
              (10 damage)
             ... on level 5 of the Dungeon.
             The game lasted 00:01:14 (2614 turns).

qw the Chopper (Gargoyle Fighter)                   Turns: 2614, Time: 00:01:14

Health: -4/32      AC: 14    Str: 22    XL:     5   Next: 46%
Magic:  5/5        EV:  8    Int:  8    God:
Gold:   128        SH:  4    Dex:  9    Spells: 4/4 levels left

rFire   . . .        Y - +0 war axe
rCold   . . .        c - +0 buckler
rNeg    + . .        p - +0 chain mail
rPois   inf          g - +0 helmet
rElec   +            (no cloak)
rCorr   .            (no gloves)
SInv    .            (no boots)
Will    .....        (no amulet) Stlth
                     (no ring)
HPRegen 0.25/turn    (no ring)
MPRegen 0.09/turn

%: no passive effects
@: no status effects
A: sickness immunity, AC +4, negative energy resistance 1, electricity
resistance, torment resistance 1, petrification resistance
a: no special abilities


You were on level 5 of the Dungeon.
You visited 1 branch of the dungeon, and saw 5 of its levels.

You collected 128 gold pieces.


Innate Abilities, Weirdness & Mutations

You are immune to sickness and miasma.
Your stone body is resilient. (AC +4)
You are immune to poison.
You resist negative energy. (rN+)
You are resistant to electric shocks. (rElec)
You are resistant to unholy torment.
You are immune to petrification.


   Skills:
 + Level 3.3 Fighting
 - Level 5.0 Axes
 - Level 3.2 Armour
 - Level 3.2 Shields


You had 4 spell levels left.
You didn't know any spells.
Your spell library was empty.

Inventory:

Hand Weapons
 e - a +0 mace of protection
 Y - a +0 war axe (weapon)
Missiles
 k - a boomerang (quivered)
Armour
 c - a +0 buckler (worn)
 g - a +0 helmet (worn)
 p - a +0 chain mail (worn)
Scrolls
 h - a scroll of identify
 j - 2 scrolls of teleportation
Potions
 d - 2 potions of might
 f - a potion of brilliance {unknown}
 i - a potion of cancellation
 l - a potion of resistance {unknown}
 m - a potion of mutation {unknown}

Dungeon Overview and Level Annotations

Branches:
Dungeon (5/15)
 Temple: D:4-7

Altars:
Vehumet
Wu Jian

Shops:
D:4 :


Message History

2564 ||| DROPPING potion of ambrosia.
You drop a potion of ambrosia.
Done exploring.
(D) Dungeon
Where to? (* - list waypoints, Enter - D:4, ? - help)
What level of the Dungeon? (default 1, ? - help)
You open the door.
There is an open door here.
There is a stone staircase leading up here.
There is a stone staircase leading down here.
You climb downwards.
There is a stone staircase leading up here.
Waypoint 4 assigned to D:5.
A gnoll comes into view. It is wielding a +0 halberd.
The gnoll shouts!
You hear a shout!
An orc wizard, a gnoll sergeant and 2 gnolls come into view.
The gnoll sergeant is wielding a +0 trident of venom.
The orc wizard shouts!
The gnoll shouts! x2; You hear an angry hiss.
The gnoll hits you but does no damage.
You closely miss the gnoll. The gnoll hits you with a +0 halberd.
You closely miss the gnoll. The gnoll hits you but does no damage.
You block the gnoll sergeant's attack.
You slash the gnoll!
The gnoll is heavily wounded.
The gnoll hits you with a +0 halberd! The gnoll sergeant barely misses you.
The gnoll sergeant hits you but does no damage.
The gnoll barely misses you.
An orc comes into view. It is wielding a +0 short sword.
You barely miss the gnoll.
The gnoll is heavily wounded.
The orc shouts!
You hear an angry hiss.
You hear a shout!
The gnoll hits you with a +0 halberd.
The gnoll sergeant hits you from afar with a +0 trident of venom.
You slash the gnoll!
You kill the gnoll!
You hit the orc wizard but do no damage.
The orc wizard casts a spell at you. The magic dart hits you!
The gnoll sergeant hits you from afar with a +0 trident of venom!
You die...

#.### #...# #+
###.# #. #.# #.
#.# ######.## #.#
..o.....## #.#
#.....#########.#
##.o@...........#
##)#############
#g #g #g #. #. ..


You could see a gnoll sergeant, an orc wizard, 2 gnolls and an orc.

Vanquished Creatures
  A jelly (D:4)
  An iguana (D:2)
  Robin (D:2)
  3 adders
  A gnoll (D:5)
  An ufetubus (D:4)
  A worm (D:2)
  4 endoplasms
  2 giant cockroaches
  13 goblins
  10 hobgoblins
  3 jackals (D:4)
  7 kobolds
  3 ball pythons
  3 bats (D:2)
  5 frilled lizards
  3 rats
62 creatures vanquished.

Notes
Turn   | Place    | Note
-------+----------+-------------------------------------------
     0 | D:1      | qw the Gargoyle Fighter began the quest for the Orb.
     0 | D:1      | Reached XP level 1. HP: 14/14 MP: 1/1
     0 | D:1      | 0 ||| qw: Version: 0.2-a-123-gb51047a
     0 | D:1      | 0 ||| qw: Game counter: 3766
     0 | D:1      | 0 ||| qw: Always use a shield: true
     0 | D:1      | 0 ||| qw: God list: Okawaru
     0 | D:1      | 0 ||| qw: Allow faded altars: false
     0 | D:1      | 0 ||| qw: Do Orc after D:15 true
     0 | D:1      | 0 ||| qw: Do second Lair branch before Depths: true
     0 | D:1      | 0 ||| qw: Lair rune preference: random
     0 | D:1      | 0 ||| qw: Plans: Normal, Zot:1-4, Slime:5, God:TSO, Crypt,
                  | Tomb, Abyss, Pan, Hells, Win
     0 | D:1      | 0 ||| PLANNING D:1-11
    61 | D:1      | Reached skill level 2 in Axes
    62 | D:1      | HP: 3/14 [kobold/+0 whip (5)]
   252 | D:1      | Reached XP level 2. HP: 19/19 MP: 2/2
   529 | D:1      | 529 ||| Stepping ~*~*~tactically~*~*~ (stealth).
   536 | D:1      | Reached skill level 3 in Axes
   538 | D:1      | Found a faded altar of an unknown god.
   597 | D:1      | 597 ||| READING scroll labelled KEKHIZERYB.
   598 | D:1      | 598 ||| READING scroll labelled JUOSEA ROROANO.
   599 | D:1      | 599 ||| READING scroll labelled QUOTWECHEF.
   602 | D:1      | 602 ||| DRINKING 2 purple potions.
   667 | D:2      | Reached XP level 3. HP: 19/23 MP: 3/3
   717 | D:2      | Found a radiant altar of Vehumet.
   875 | D:2      | Reached XP level 4. HP: 28/28 MP: 4/4
  1109 | D:2      | 1109 ||| DROPPING +0 whip.
  1134 | D:2      | 1134 ||| Stepping ~*~*~tactically~*~*~ (stealth).
  1144 | D:2      | Noticed Robin
  1152 | D:2      | Reached skill level 4 in Axes
  1178 | D:2      | Killed Robin
  1284 | D:2      | 1284 ||| UPGRADING to +0 helmet.
  1289 | D:2      | 1289 ||| READING scroll labelled GYAZXU BEQ ZACK.
  1408 | D:3      | Reached XP level 5. HP: 30/32 MP: 5/5
  1727 | D:3      | Found an ornate altar of the Wu Jian Council.
  1962 | D:3      | 1962 ||| UPGRADING to +0 chain mail.
  1972 | D:3      | 1972 ||| DROPPING +0 scale mail.
  1973 | D:3      | 1973 ||| READING scroll labelled FITTEX ZUVOLO.
  1974 | D:3      | 1974 ||| READING scroll labelled MAMUCA CUIPOSCH.
  2075 | D:3      | 2075 ||| DRINKING 2 grey potions.
  2300 | D:4      | Reached skill level 5 in Axes
  2384 | D:4      | 2384 ||| DROPPING +1 heavy mace.
  2423 | D:4      | Found Likaorch's Book Emporium.
  2480 | D:4      | Identified the +1 robe of Distant Shores {rPois rF+ Will++
                  | Stlth+}
  2560 | D:4      | 2560 ||| DROPPING orb of light.
  2561 | D:4      | 2561 ||| READING scroll labelled LAS HUREIWEN.
  2562 | D:4      | 2562 ||| DRINKING 2 fizzy cyan potions.
  2563 | D:4      | 2563 ||| DRINKING potion of curing.
  2563 | D:4      | 2563 ||| (to cure confusion)
  2564 | D:4      | 2564 ||| DROPPING potion of ambrosia.
  2578 | D:5      | Entered Level 5 of the Dungeon
  2614 | D:5      | HP: 6/32 [orc wizard/magic dart (10)]
  2614 | D:5      | Slain by a gnoll sergeant

Levels and vault maps discovered:
D:1:      lightli_arrival_isolated_outpost, layout_basic,
          hellmonk_ecumenical_altar_prayer_group
D:2:      layout_basic, basic_altar, minmay_misc_feat_hallway, uniq_robin
D:3:      layout_basic, nzn_wu_jian_council_hall, serial_aquarium,
          aquarium_bridge_square [aquarium_subvault_bridge,
          aquarium_subvault_window, aquarium_subvault_wall,
          aquarium_subvault_bridge], aquarium_window_fake, aquarium_window_2,
          aquarium_window_1, aquarium_view_2f, kennysheep_crisscross,
          hangedman_abyss_or_decor_lesser_grid
D:4:      layout_basic, serial_shops, nicolae_shop_rolling_square
D:5:      layout_loops_corners, minmay_temple_entry_butterflies

Skill      XL: |  1  2  3  4  5 |
---------------+----------------+-----
Axes           | 2 3 4 5 |  5.0
Fighting       | |  3.3
Armour         | |  3.2
Shields        | |  3.2

Action                     |  1- 3 |  4- 6 || total
---------------------------+-------+-------++-------
  Melee: War axe           |    80 |   107 ||   187
  Throw: Boomerang         |     2 |    22 ||    24
    Use: Scroll            |     3 |     4 ||     7
         Potion            |     1 |     3 ||     4
 Armour: Scale mail        |    30 |    53 ||    83
         Chain mail        |       |    24 ||    24
  Dodge: Dodged            |    38 |    56 ||    94
  Block: Buckler           |    15 |    19 ||    34

Table legend:
 A = Non-vault XP
 B = Vault XP
 C = Vault XP percentage of total XP
 D = Non-vault monster count
 E = Vault monster count
 F = Vault count percentage of total count
                 A         B        C        D         E       F
            +---------+---------+-------+---------+---------+-------
      Total |     209 |      42 |  16.7 |      48 |      14 |  22.6
            +---------+---------+-------+---------+---------+-------
        D:1 |      26 |       4 |  13.3 |      16 |       2 |  11.1
        D:2 |      74 |      38 |  33.9 |      16 |      12 |  42.9
        D:3 |      33 |       0 |   0.0 |       6 |       0 |   0.0
        D:4 |      62 |       0 |   0.0 |       9 |       0 |   0.0
        D:5 |      14 |       0 |   0.0 |       1 |       0 |   0.0
            +---------+---------+-------+---------+---------+-------
